PL
VANCOUVER GREY WOLVES @ ATLANTA SMOKE
07/30/2023
 
TOP OF THE 1ST
Vancouver Grey Wolves batting - Pitching for Atlanta Smoke : RHP Enrique Cortéz
Pitching: RHP Enrique Cortéz
Batting: LHB Héctor Cortéz 0-0: Swinging Strike
0-1: Ball
1-1: Fly out, F4 (Popup, 4MD)
Batting: LHB Timmy Appeldoorn 0-0: Ball
1-0: Foul Ball, location: 2F
1-1: Hit by Pitch
Batting: RHB Travis Newsome 0-0: SINGLE (Groundball, 6MD)
Timmy Appeldoorn to second
Batting: LHB Min-heui Im 0-0: Called Strike
0-1: Ball
1-1: Foul Ball, location: 2F
1-2: Fielders Choice at 2nd, 3-6 (Groundball, 3)
Timmy Appeldoorn to third
Batting: LHB David Hubbard 0-0: Fly out, F7 (Flyball, 78M)
Top of the 1st over - 0 run(s), 1 hit(s), 0 error(s), 2 left on base; Vancouver 0 - Atlanta 0
BOTTOM OF THE 1ST
Atlanta Smoke batting - Pitching for Vancouver Grey Wolves : LHP Curtis Fields
Pitching: LHP Curtis Fields
Batting: RHB Bartolo Morales 0-0: Called Strike
0-1: Swinging Strike
0-2: Fly out, F6 (Popup, 6MD)
Batting: RHB Cale Sutton 0-0: Foul Ball, location: 2F
0-1: Foul Ball, location: 2F
0-2: Fly out, F4 (Popup, 4D)
Batting: LHB Albert Morán 0-0: Ball
1-0: Fly out, F4 (Line Drive, 4)
Bottom of the 1st over - 0 run(s), 0 hit(s), 0 error(s), 0 left on base; Vancouver 0 - Atlanta 0
TOP OF THE 2ND
Vancouver Grey Wolves batting - Pitching for Atlanta Smoke : RHP Enrique Cortéz
Batting: SHB Gregg Wagner 0-0: Called Strike
0-1: Foul Ball, location: 2F
0-2: Foul Ball, location: 2F
0-2: Strikes out swinging wild pitch, reaches first!
Batting: LHB José Alonso 0-0: Called Strike
0-1: Swinging Strike
0-2: SINGLE (Line Drive, 4D)
Gregg Wagner to second
Batting: RHB Alfredo Méndez 0-0: Fly out, F8 (Popup, 8RS)
Batting: RHB Enrique Fuentes 0-0: Called Strike
Gregg Wagner steals 3rd base
José Alonso to second
0-1: Ball
1-1: Called Strike
1-2: Ball
2-2: Foul Ball, location: 2F
2-2: Ground out 5-3 (Groundball, 5)
Batting: LHB Héctor Cortéz 0-0: Ball
1-0: Called Strike
1-1: Foul Ball, location: 2F
1-2: Foul Ball, location: 2F
1-2: Ball
2-2: Strikes out swinging
Top of the 2nd over - 0 run(s), 1 hit(s), 0 error(s), 2 left on base; Vancouver 0 - Atlanta 0
BOTTOM OF THE 2ND
Atlanta Smoke batting - Pitching for Vancouver Grey Wolves : LHP Curtis Fields
Batting: LHB Carl Gore 0-0: Ball
1-0: Fly out, F7 (Flyball, 6MD)
Batting: RHB Iván Pérez 0-0: Ground out 6-3 (Groundball, 6)
Batting: RHB Chris Teague 0-0: Ball
1-0: Called Strike
1-1: Ground out 5-3 (Groundball, 5S)
Bottom of the 2nd over - 0 run(s), 0 hit(s), 0 error(s), 0 left on base; Vancouver 0 - Atlanta 0
TOP OF THE 3RD
Vancouver Grey Wolves batting - Pitching for Atlanta Smoke : RHP Enrique Cortéz
Batting: LHB Timmy Appeldoorn 0-0: Ball
1-0: Called Strike
1-1: Foul Ball, location: 2F
1-2: Ball
2-2: Ground out U3 (Groundball, 3)
Batting: RHB Travis Newsome 0-0: Called Strike
0-1: Called Strike
0-2: Strikes out swinging, 2-3 out at first.
Batting: LHB Min-heui Im 0-0: Foul Ball, location: 2F
0-1: Swinging Strike
0-2: Ball
1-2: Fly out, F5 (Popup, 5F)
Top of the 3rd over - 0 run(s), 0 hit(s), 0 error(s), 0 left on base; Vancouver 0 - Atlanta 0
BOTTOM OF THE 3RD
Atlanta Smoke batting - Pitching for Vancouver Grey Wolves : LHP Curtis Fields
Batting: RHB Mike Brown 0-0: Called Strike
0-1: Ball
1-1: Foul Ball, location: 2F
1-2: Foul Ball, location: 2F
1-2: Ball
2-2: Fly out, F7 (Line Drive, 7M)
Batting: LHB Armando Esparza 0-0: Ball
1-0: SINGLE (Line Drive, 3D)
Batting: RHB Hubert Dodson 0-0: Grounds into double play, 4-6-3 (Groundball, 4)
Bottom of the 3rd over - 0 run(s), 1 hit(s), 0 error(s), 0 left on base; Vancouver 0 - Atlanta 0
TOP OF THE 4TH
Vancouver Grey Wolves batting - Pitching for Atlanta Smoke : RHP Enrique Cortéz
Batting: LHB David Hubbard 0-0: Foul Ball, location: 2F
0-1: Foul Ball, location: 2F
0-2: Ball
1-2: Fly out, F8 (Flyball, 8RXD)
Batting: SHB Gregg Wagner 0-0: Foul Ball, location: 2F
0-1: Foul Ball, location: 2F
0-2: Ground out 6-3 (Groundball, 6M)
Batting: LHB José Alonso 0-0: Foul Ball, location: 2F
0-1: Called Strike
0-2: Ground out 4-3 (Groundball, 4M)
Top of the 4th over - 0 run(s), 0 hit(s), 0 error(s), 0 left on base; Vancouver 0 - Atlanta 0
BOTTOM OF THE 4TH
Atlanta Smoke batting - Pitching for Vancouver Grey Wolves : LHP Curtis Fields
Batting: RHB Bartolo Morales 0-0: Ball
1-0: Called Strike
1-1: Swinging Strike
1-2: Foul Ball, location: 2F
1-2: Strikes out swinging
Batting: RHB Cale Sutton 0-0: Swinging Strike
0-1: Ball
1-1: Ball
2-1: Fly out, F8 (Flyball, 8RS)
Batting: LHB Albert Morán 0-0: Ground out 4-3 (Groundball, 4)
Bottom of the 4th over - 0 run(s), 0 hit(s), 0 error(s), 0 left on base; Vancouver 0 - Atlanta 0
TOP OF THE 5TH
Vancouver Grey Wolves batting - Pitching for Atlanta Smoke : RHP Enrique Cortéz
Batting: RHB Alfredo Méndez 0-0: Foul Ball, location: 2F
0-1: Called Strike
0-2: Hit by Pitch
Batting: RHB Enrique Fuentes 0-0: Swinging Strike
0-1: Foul Ball, location: 2F
0-2: Ball
1-2: SINGLE (Groundball, 56D)
Alfredo Méndez to second
Batting: LHB Héctor Cortéz 0-0: Ball
1-0: Called Strike
1-1: Ball
2-1: Swinging Strike
2-2: Foul Ball, location: 2F
2-2: Ball
3-2: SINGLE (Flyball, 8RS)
Alfredo Méndez to third
Enrique Fuentes to second
Runner from 3rd tries for Home, SAFE, no throw or cutoff
Batting: LHB Timmy Appeldoorn 0-0: Ball
1-0: Ball
2-0: Ball
3-0: Called Strike
3-1: Swinging Strike
3-2: Fly out, F2 (Popup, 2LF)
Batting: RHB Travis Newsome 0-0: Ball
1-0: Ball
2-0: Foul Ball, location: 2F
2-1: SINGLE (Groundball, 56D)
Enrique Fuentes to third
Héctor Cortéz to second
Runner from 3rd tries for Home, SAFE, no throw or cutoff
Batting: LHB Min-heui Im 0-0: Swinging Strike
0-1: Ball
1-1: Ball
2-1: Ball
3-1: Base on Balls
Héctor Cortéz to third
Travis Newsome to second
Batting: LHB David Hubbard 0-0: Called Strike
0-1: Ball
1-1: Ball
2-1: Ball
3-1: Foul Ball, location: 2F
3-2: Foul Ball, location: 2F
3-2: Fly out, F7 (Popup, 56D)
Batting: SHB Gregg Wagner 0-0: Foul Ball, location: 2F
0-1: Ball
Wild Pitch!
Héctor Cortéz scores
Travis Newsome to third
Min-heui Im to second
1-1: Ball
2-1: 3-RUN HOME RUN (Flyball, 9D), Distance : 384 ft
Pitching: RHP Andrés Martínez
Batting: LHB José Alonso 0-0: Ball
1-0: Called Strike
1-1: Ball
2-1: Ball
3-1: Foul Ball, location: 2F
3-2: Strikes out swinging
Top of the 5th over - 6 run(s), 4 hit(s), 0 error(s), 0 left on base; Vancouver 6 - Atlanta 0
BOTTOM OF THE 5TH
Atlanta Smoke batting - Pitching for Vancouver Grey Wolves : LHP Curtis Fields
Batting: LHB Carl Gore 0-0: Ball
1-0: Ground out 1-3 (Groundball, 15S)
Batting: RHB Iván Pérez 0-0: Ball
1-0: Swinging Strike
1-1: Ball
2-1: Foul Ball, location: 2F
2-2: Fly out, F8 (Flyball, 8RXD)
Batting: RHB Chris Teague 0-0: Called Strike
0-1: Foul Ball, location: 2F
0-2: Ball
1-2: Foul Ball, location: 2F
1-2: Fly out, F7 (Flyball, 7M)
Bottom of the 5th over - 0 run(s), 0 hit(s), 0 error(s), 0 left on base; Vancouver 6 - Atlanta 0
TOP OF THE 6TH
Vancouver Grey Wolves batting - Pitching for Atlanta Smoke : RHP Andrés Martínez
Batting: RHB Alfredo Méndez 0-0: Foul Ball, location: 2F
0-1: Ball
1-1: Ball
2-1: Foul Ball, location: 2F
2-2: Ball
3-2: Base on Balls
Batting: RHB Enrique Fuentes 0-0: Ball
1-0: Foul Ball, location: 2F
1-1: 2-RUN HOME RUN (Flyball, 89D), Distance : 428 ft
Batting: LHB Héctor Cortéz 0-0: Ball
1-0: Called Strike
1-1: Ball
2-1: Ball
3-1: Foul Ball, location: 2F
3-2: Base on Balls
Batting: LHB Timmy Appeldoorn 0-0: Foul Ball, location: 2F
0-1: Ball
1-1: DOUBLE (Line Drive, 3L)
Héctor Cortéz to third
Runner from 3rd tries for Home, SAFE, throw made home
Pitching: LHP Royce Bradshaw
Batting: RHB Travis Newsome 0-0: Ball
1-0: Foul Ball, location: 2F
1-1: Foul Ball, location: 2F
1-2: Strikes out looking
Batting: LHB Min-heui Im 0-0: Hit by Pitch
Batting: LHB David Hubbard 0-0: Called Strike
0-1: Foul Ball, location: 2F
0-2: Strikes out swinging
Batting: SHB Gregg Wagner 0-0: Ball
1-0: Ball
2-0: Foul Ball, location: 2F
2-1: SINGLE (Groundball, 56D)
Timmy Appeldoorn to third
Min-heui Im to second
Runner from 3rd tries for Home, SAFE, no throw or cutoff
Batting: LHB José Alonso 0-0: Swinging Strike
0-1: Ball
1-1: Ball
2-1: Foul Ball, location: 2F
2-2: SINGLE (Line Drive, 4MD)
Min-heui Im to third
Gregg Wagner to second
Runner from 3rd tries for Home, SAFE, no throw or cutoff
Batting: RHB Alfredo Méndez 0-0: Foul Ball, location: 2F
0-1: Swinging Strike
0-2: Fielders Choice at 2nd, 6-4 (Groundball, 56)
Top of the 6th over - 5 run(s), 4 hit(s), 0 error(s), 1 left on base; Vancouver 11 - Atlanta 0
BOTTOM OF THE 6TH
Atlanta Smoke batting - Pitching for Vancouver Grey Wolves : LHP Curtis Fields
Batting: RHB Mike Brown 0-0: Ground out 4-3 (Groundball, 4)
Batting: LHB Armando Esparza 0-0: Called Strike
0-1: Ball
1-1: Ground out U3 (Groundball, 3)
Batting: RHB Hubert Dodson 0-0: Ball
1-0: Ball
2-0: Ball
3-0: Base on Balls
Batting: RHB Bartolo Morales 0-0: Ball
1-0: Ball
2-0: Called Strike
2-1: Ground out 1-3 (Groundball, 13)
Bottom of the 6th over - 0 run(s), 0 hit(s), 0 error(s), 1 left on base; Vancouver 11 - Atlanta 0
TOP OF THE 7TH
Vancouver Grey Wolves batting - Pitching for Atlanta Smoke : LHP Royce Bradshaw
Batting: RHB Enrique Fuentes 0-0: Ball
1-0: Ball
2-0: Called Strike
2-1: Ground out 6-3 (Groundball, 6M)
Batting: LHB Héctor Cortéz 0-0: Ball
1-0: Called Strike
1-1: Swinging Strike
1-2: Ball
2-2: Strikes out looking
Batting: LHB Timmy Appeldoorn 0-0: SINGLE (Line Drive, 6D)
Batting: RHB Travis Newsome 0-0: Ball
1-0: Called Strike
1-1: Ball
2-1: Called Strike
2-2: Strikes out swinging
Top of the 7th over - 0 run(s), 1 hit(s), 0 error(s), 1 left on base; Vancouver 11 - Atlanta 0
BOTTOM OF THE 7TH
Atlanta Smoke batting - Pitching for Vancouver Grey Wolves : LHP Curtis Fields
Batting: RHB Cale Sutton 0-0: Foul Ball, location: 2F
0-1: Called Strike
0-2: SINGLE (Line Drive, 89S)
Batting: LHB Albert Morán 0-0: Ball
1-0: Ball
2-0: Fly out, F7 (Flyball, 78D)
Batting: LHB Carl Gore 0-0: Swinging Strike
0-1: Swinging Strike
0-2: Ball
1-2: Foul Ball, location: 2F
1-2: Hit by Pitch
Cale Sutton to second
Batting: RHB Iván Pérez 0-0: Ball
1-0: Swinging Strike
1-1: 3-RUN HOME RUN (Line Drive, 78XD), Distance : 433 ft
Batting: RHB Chris Teague 0-0: Ball
1-0: Hit by Pitch
Batting: RHB Mike Brown 0-0: Foul Ball, location: 2F
0-1: Swinging Strike
0-2: Fly out, F8 (Flyball, 8LXD)
Now in CF: Eric O'Neill
Batting: LHB Armando Esparza 0-0: Called Strike
0-1: Ball
1-1: Ball
2-1: SINGLE (Line Drive, 9S)
Chris Teague to second
Batting: RHB Hubert Dodson 0-0: Called Strike
0-1: TRIPLE (Line Drive, 9LS)
Chris Teague scores
Armando Esparza scores
Batting: RHB Bartolo Morales 0-0: Fly out, F9 (Flyball, 89M)
Bottom of the 7th over - 5 run(s), 4 hit(s), 0 error(s), 1 left on base; Vancouver 11 - Atlanta 5
TOP OF THE 8TH
Vancouver Grey Wolves batting - Pitching for Atlanta Smoke : LHP Royce Bradshaw
Batting: LHB Min-heui Im 0-0: Ball
1-0: Ball
2-0: Called Strike
2-1: Ball
3-1: Called Strike
3-2: SINGLE (Groundball, 34D) (infield hit)
Batting: LHB David Hubbard 0-0: Foul Ball, location: 2F
0-1: Foul Ball, location: 2F
0-2: Strikes out swinging
Batting: SHB Eric O'Neill 0-0: Foul Ball, location: 2F
0-1: Ball
1-1: Swinging Strike
1-2: Ball
2-2: Ball
3-2: Foul Ball, location: 2F
3-2: Grounds into double play, 6-4-3 (Groundball, 6)
Top of the 8th over - 0 run(s), 1 hit(s), 0 error(s), 0 left on base; Vancouver 11 - Atlanta 5
BOTTOM OF THE 8TH
Atlanta Smoke batting - Pitching for Vancouver Grey Wolves : LHP Curtis Fields
Batting: RHB Cale Sutton 0-0: Called Strike
0-1: Foul Ball, location: 2F
0-2: Ball
1-2: SINGLE (Groundball, 56D)
Pitching: LHP Kevin Woods
Batting: LHB Albert Morán 0-0: Fly out, F5 (Popup, 5F)
Batting: LHB Carl Gore 0-0: Ball
1-0: Called Strike
1-1: Ball
2-1: Foul Ball, location: 2F
2-2: Ball
3-2: Strikes out swinging
Cale Sutton steals 2nd base
Batter strikes out.
Batting: RHB Iván Pérez 0-0: Swinging Strike
0-1: Foul Ball, location: 2F
0-2: Strikes out swinging
Bottom of the 8th over - 0 run(s), 1 hit(s), 0 error(s), 1 left on base; Vancouver 11 - Atlanta 5
TOP OF THE 9TH
Vancouver Grey Wolves batting - Pitching for Atlanta Smoke : LHP Royce Bradshaw
Pitching: RHP Mike Farrell
Batting: LHB José Alonso 0-0: Ball
1-0: Foul Ball, location: 2F
1-1: Called Strike
1-2: Ground out U3 (Groundball, 3S)
Batting: RHB Alfredo Méndez 0-0: Ball
1-0: Foul Ball, location: 2F
1-1: Swinging Strike
1-2: Ground out 1-5-3 (Groundball, 15S)
Batting: RHB Enrique Fuentes 0-0: Ball
1-0: Ball
2-0: Foul Ball, location: 2F
2-1: Ball
3-1: Called Strike
3-2: SINGLE (Line Drive, 6MD)
Batting: LHB Héctor Cortéz 0-0: Ground out 4-3 (Groundball, 4)
Top of the 9th over - 0 run(s), 1 hit(s), 0 error(s), 1 left on base; Vancouver 11 - Atlanta 5
BOTTOM OF THE 9TH
Atlanta Smoke batting - Pitching for Vancouver Grey Wolves : LHP Kevin Woods
Batting: RHB Chris Teague 0-0: Hit by Pitch
Batting: RHB Mike Brown 0-0: Called Strike
0-1: Swinging Strike
0-2: Foul Ball, location: 2F
0-2: Strikes out swinging
Batting: LHB Armando Esparza 0-0: Ball
1-0: Ball
2-0: Ball
3-0: Base on Balls
Chris Teague to second
Batting: RHB Hubert Dodson 0-0: Called Strike
0-1: Called Strike
0-2: Strikes out looking
Batting: RHB Bartolo Morales 0-0: Called Strike
0-1: Ball
1-1: Ball
2-1: Called Strike
2-2: Fielders Choice at 2nd, 5-4 (Groundball, 5)
Bottom of the 9th over - 0 run(s), 0 hit(s), 0 error(s), 1 left on base; Vancouver 11 - Atlanta 5
This league is powered by Out of the Park Baseball, the baseball management simulation game for PC, Mac and Linux
Friday, July 8th, 2016 - OOTP Baseball 16.9 Build 39